cohdb
Replays
Latest Replays
All Replays
Popular Replays
Top Player Replays
Match Explorer
How It Works
Community
CoH3 Stats
Reddit
Sign in to upload your games and track your stats! →
Sign in with Steam
Match 45659027
Unlisted
Match 45659027
Overview
Messages
Build Orders
End
Vickers Machine Gun Team
Construct Section Command Post
Dingo Light Scout Car
Selects Canadian Shock Battlegroup
Infantry Section
Vickers Machine Gun Team
Construct Platoon Command Post
Selects Offensive Resupply
Selects Attacking Spirit
Selects Canadian Shock Section
Canadian Shock Section
Humber Armored Car
Infantry Section
Selects Incendiary Munitions
Infantry Training
Selects Pyrotechnics
Infantry Section
Grenade Package
6-pounder Anti-tank Gun Team
Construct Company Command Post
Crusader II Medium Tank
Selects Demolition Engineering
Royal Engineer Section
Crusader II Medium Tank
smallNhii
4-in-1 Petrol lawnmower
JEFG
Seocheon
0
0
Comments
sign in to comment!
No comments posted yet!